Map: Newkirk Precinct TE (Void)

Players

PiLiPiLi

  • Race: Protoss Protoss
  • Spawn Location: 5:00

Patience - Winner!

  • Race: Protoss Protoss
  • Spawn Location: 7:00

Event: IEM XI Katowice - World Championship 2017

VOD

Have the link to the VOD?

Description

Time

  • Played on: March 3, 2017, 8:20 a.m.
  • Length: 12:18

All games in this series

Show
View Real Time Build Order
Export as new Build Order

PiLiPiLi Protoss 

Build Orders: Oracle Opening 

Get SALT Encoding   

  12  0:02  Probe (Chrono Boost)  
  13  0:14  Probe (Chrono Boost)  
  14  0:18  Pylon  
  14  0:24  Probe (Chrono Boost)  
  15  0:36  Probe (Chrono Boost)  
  15  0:39  Gateway  
  16  0:44  Assimilator  
  16  0:47  Probe (Chrono Boost)  
  17  0:53  Assimilator  
  17  0:58  Probe (Chrono Boost)  
  18  1:07  Gateway  
  18  1:10  Probe (Chrono Boost)  
  19  1:20  Probe (Chrono Boost)  
  20  1:26  Cybernetics Core  
  20  1:31  Probe (Chrono Boost)  
  21  1:40  Pylon  
  21  1:41  Probe (Chrono Boost)  
  22  1:52  Probe (Chrono Boost)  
  23  2:01  Warp Gate  
  23  2:02  Adept x2  
  27  2:09  Mothership Core (Chrono Boost)  
  29  2:19  Stargate  
  30  2:30  Stalker  
  30  2:31  Pylon  
  31  2:50  Probe (Chrono Boost)  
  32  2:59  Oracle  
  32  3:02  Probe (Chrono Boost)  
  37  3:14  Probe (Chrono Boost)  
  33  3:26  Probe (Chrono Boost)  
  34  3:31  Oracle  
  34  3:35  Pylon  
  34  3:38  Probe (Chrono Boost)  
  38  3:49  Nexus  
  38  3:50  Probe (Chrono Boost)  
  40  4:03  Probe (Chrono Boost)  
  40  4:05  Stalker  
  42  4:15  Probe (Chrono Boost)  
  43  4:27  Probe (Chrono Boost)  
  43  4:29  Robotics Facility  
  45  4:39  Probe (Chrono Boost)  
  45  4:48  Twilight Council, Sentry  
  45  4:52  Pylon  
  47  4:57  Pylon  
  47  5:01  Probe (Chrono Boost)  
  47  5:03  Probe (Chrono Boost)  
  46  5:12  Probe (Chrono Boost), Sentry, Immortal  
  50  5:14  Probe (Chrono Boost)  
  50  5:17  Assimilator  
  50  5:19  Blink  
  54  5:24  Probe x2 (Chrono Boost)  
  58  5:36  Probe x2 (Chrono Boost)  
  58  5:46  Gateway  
  58  5:47  Immortal  
  58  5:48  Gateway x2  
  62  5:57  Stalker  
  64  6:06  Stalker  
  64  6:10  Gateway  
  66  6:12  Gateway  
  66  6:15  Assimilator  
  66  6:17  Probe x2 (Chrono Boost)  
  68  6:24  Observer  
  68  6:29  Probe (Chrono Boost)  
  68  6:32  Stalker x2  
  71  6:40  Pylon, Warp Prism  
  71  6:44  Pylon  
  73  6:48  Dark Shrine  
  73  6:50  Stalker  
  71  7:05  Phoenix  
  72  7:11  Probe (Chrono Boost)  
  72  7:15  Probe (Chrono Boost)  
  74  7:17  Stalker x2  
  78  7:23  Pylon  
  78  7:27  Stalker  
  79  7:39  Stalker x3  
  85  7:48  Stalker  
  85  7:49  Stalker  
  90  7:58  Probe (Chrono Boost)  
  90  7:59  Probe (Chrono Boost), Warp Prism  
  89  8:12  Probe (Chrono Boost)  
  90  8:15  Probe (Chrono Boost)  
  91  8:24  Probe (Chrono Boost)  
  91  8:25  Stalker  
  91  8:27  Pylon  
  94  8:28  Pylon  
  94  8:31  Pylon  
  94  8:40  Probe (Chrono Boost)  
  93  8:52  Stalker x6  
  101  9:08  Warp Prism  
  77  9:15  Dark Templar  
  77  9:16  Dark Templar x2  
  69  9:40  Dark Templar, Adept  
  69  9:41  Nexus  
  65  10:07  Pylon  
  65  10:08  Robotics Bay  
  65  10:12  Stalker x5  
  73  10:20  Probe x2 (Chrono Boost)  
  75  10:23  Dark Templar  
  77  10:32  Probe x2 (Chrono Boost)  
  71  10:52  Stalker  
  71  10:53  Stalker x3  
  77  10:58  Disruptor  
  78  11:18  Robotics Facility  
  78  11:26  Stalker x4  
  78  11:29  Disruptor  
  83  11:45  Stalker  
  83  11:46  Stalker x2  
  82  11:56  Stalker x3  
Show
View Real Time Build Order
Export as new Build Order

Patience Protoss - Winner!

Build Orders:  

Get SALT Encoding   

  12  0:01  Probe (Chrono Boost)  
  13  0:12  Probe (Chrono Boost)  
  14  0:18  Pylon  
  14  0:22  Probe (Chrono Boost)  
  15  0:36  Probe (Chrono Boost)  
  15  0:37  Gateway  
  16  0:44  Assimilator  
  16  0:47  Probe (Chrono Boost)  
  17  0:57  Probe (Chrono Boost)  
  17  0:58  Assimilator  
  18  1:05  Gateway  
  18  1:08  Probe (Chrono Boost)  
  20  1:18  Probe (Chrono Boost)  
  20  1:25  Cybernetics Core  
  20  1:29  Probe (Chrono Boost)  
  21  1:36  Pylon  
  21  1:39  Probe (Chrono Boost)  
  22  1:50  Probe (Chrono Boost)  
  25  2:02  Mothership Core (Chrono Boost), Stalker  
  25  2:03  Stalker  
  29  2:08  Warp Gate  
  29  2:11  Pylon  
  29  2:21  Probe (Chrono Boost)  
  30  2:32  Probe (Chrono Boost)  
  30  2:34  Stalker  
  35  2:39  Stalker  
  35  2:42  Probe (Chrono Boost)  
  36  2:58  Probe (Chrono Boost)  
  37  3:13  Nexus  
  37  3:19  Probe (Chrono Boost)  
  35  3:29  Pylon  
  35  3:30  Probe (Chrono Boost)  
  34  3:43  Probe (Chrono Boost)  
  34  3:44  Twilight Council  
  35  3:51  Robotics Facility  
  35  3:53  Probe (Chrono Boost)  
  36  4:04  Probe (Chrono Boost)  
  36  4:08  Blink  
  37  4:15  Probe (Chrono Boost)  
  38  4:24  Pylon  
  38  4:25  Probe (Chrono Boost)  
  38  4:29  Probe (Chrono Boost)  
  40  4:32  Stalker x2  
  40  4:35  Probe (Chrono Boost)  
  40  4:38  Observer  
  46  4:44  Probe (Chrono Boost)  
  47  4:47  Probe (Chrono Boost)  
  48  4:56  Probe (Chrono Boost)  
  48  4:57  Probe (Chrono Boost)  
  50  5:07  Observer  
  51  5:08  Probe x2 (Chrono Boost)  
  52  5:20  Probe (Chrono Boost)  
  52  5:21  Gateway  
  54  5:22  Gateway  
  54  5:27  Nexus  
  52  5:29  Probe (Chrono Boost)  
  52  5:32  Warp Prism  
  53  5:42  Probe x2 (Chrono Boost)  
  57  5:46  Pylon  
  57  5:50  Assimilator  
  57  5:54  Probe x2 (Chrono Boost)  
  57  5:55  Assimilator  
  57  6:05  Stalker x2  
  57  6:06  Probe (Chrono Boost)  
  57  6:07  Probe (Chrono Boost)  
  57  6:10  Observer  
  66  6:19  Probe x2 (Chrono Boost)  
  66  6:31  Probe x2 (Chrono Boost)  
  66  6:32  Adept x2  
  67  6:35  Pylon  
  67  6:38  Adept, Warp Prism  
  67  6:39  Adept  
  73  6:43  Probe (Chrono Boost)  
  76  6:48  Probe (Chrono Boost)  
  76  6:49  Probe (Chrono Boost)  
  78  6:55  Probe (Chrono Boost)  
  78  7:07  Probe (Chrono Boost), Sentry x4  
  87  7:11  Immortal  
  87  7:12  Pylon  
  87  7:15  Pylon  
  89  7:32  Gateway  
  89  7:33  Gateway  
  89  7:35  Pylon, Gateway  
  89  7:37  Pylon  
  88  7:46  Stalker x3  
  88  7:49  Sentry, Immortal  
  88  8:10  Forge  
  82  8:13  Stalker x4  
  90  8:26  Immortal  
  92  8:35  Stalker x3  
  96  8:51  Stalker x4  
  97  9:03  Stalker  
  97  9:04  Stalker x2  
  97  9:06  Protoss Ground Weapons Level 1  
  93  9:15  Probe x2 (Chrono Boost)  
  93  9:16  Probe (Chrono Boost)  
  88  9:19  Photon Cannon  
  88  9:23  Observer  
  88  9:30  Pylon  
  87  9:39  Stalker x5  
  87  9:43  Stalker  
  97  9:51  Observer  
  96  10:01  Stalker  
  96  10:05  Stalker x3  
  104  10:09  Observer  
  105  10:36  Stalker x3  
  105  10:37  Stalker x2  
  110  10:51  Photon Cannon  
  110  10:52  Photon Cannon  
  111  10:58  Probe (Chrono Boost)  
  111  10:59  Probe (Chrono Boost)  
  112  11:09  Photon Cannon  
  112  11:23  Stalker x2  
  114  11:30  Pylon  
  114  11:32  Pylon  
  116  11:33  Pylon  
  116  11:34  Probe x2 (Chrono Boost)  
  116  11:36  Observer  
  117  11:49  Probe (Chrono Boost)  
  114  11:57  Stalker x4  
  114  11:58  Stalker x3  

Tags
 
Add a new tag
Caveats
  • Supply blocks, unpowered buildings, or Contaminate may cause inaccurate times.
  • Supply counts are checked every 10 seconds.